 Dungeon Crawl Stone Soup version 0.31.0-11-ge490571c62 (webtiles) character file.

Game seed: 4324121856654412050

386 monsoonserge the Covert (level 6, -4/32 HPs)
             Began as a Spriggan Delver on Jan 30, 2024.
             Shot with an arrow by a centaur (14 damage)
             ... on level 5 of the Dungeon.
             The game lasted 00:11:53 (2771 turns).

monsoonserge the Covert (Spriggan Delver)           Turns: 2771, Time: 00:11:54

Health: -4/32      AC:  3    Str: 11    XL:     6   Next: 48%
Magic:  7/7        EV: 19    Int: 11    God:
Gold:   296        SH:  0    Dex: 19    Spells: 5/5 levels left

rFire   . . .        h - +7 short sword "Worm's Wrath" {drain, Str+3}
rCold   . . .        (no shield)
rNeg    . . .        b - +0 robe
rPois   .            (helmet restricted)
rElec   .            o - +0 cloak
rCorr   .            (gloves unavailable)
SInv    +            (boots unavailable)
Will    ++...        (no amulet)
Stlth   ++++         m - ring of willpower
HPRegen 0.25/turn    (no ring)
MPRegen 0.10/turn

%: no passive effects
@: very quick
A: very small, no large weapons, unfitting armour, see invisible, speed 3
a: no special abilities


You were on level 5 of the Dungeon.
You visited 1 branch of the dungeon, and saw 5 of its levels.

You collected 296 gold pieces.

Inventory:

Hand Weapons
 h - the +7 short sword "Worm's Wrath" (weapon) {drain, Str+3}
   (You found it on level 5 of the Dungeon)

   Str+3:     It affects your strength (+3).
Missiles
 q - 8 poisoned darts (quivered)
Armour
 b - a +0 robe (worn)
 o - a +0 cloak (worn)
Jewellery
 m - a ring of willpower (left hand)
 s - a ring of wizardry
Wands
 g - a wand of digging (3)
 u - a wand of flame (23)
 v - a wand of polymorph (4)
Scrolls
 c - 2 scrolls of fog
 d - 2 scrolls of revelation
 e - a scroll of fear
 j - 4 scrolls of teleportation {unknown}
 k - 3 scrolls of identify {unknown}
 n - a scroll of acquirement {unknown}
 t - a scroll of enchant armour {unknown}
 y - a scroll of vulnerability {unknown}
Potions
 a - a potion of magic {unknown}
 f - a potion of haste
 i - a potion of curing {unknown}
 l - 2 potions of enlightenment {unknown}
 p - a potion of might {unknown}
 r - a potion of heal wounds {unknown}
 w - a potion of experience {unknown}
 x - a potion of attraction {unknown}


   Skills:
 + Level 3.4 Fighting
 * Level 6.0 Short Blades
 + Level 3.7 Dodging
 - Level 8.0 Stealth
 * Level 1.1 Evocations


You had 5 spell levels left.
You didn't know any spells.
Your spell library contained the following spells:

 Spells                   Type           Power      Damage    Failure   Level
 Sandblast                Erth           0%         2d4       34%         1
 Passwall                 Erth           0%         N/A       71%         3
 Stone Arrow              Conj/Erth      0%         3d7       71%         3
 Brom's Barrelling Bould  Conj/Erth      0%         2d3       98%         4


Dungeon Overview and Level Annotations

Branches:
Dungeon (5/15)
 Temple: D:4-7

Altars:
Makhleb
Nemelex Xobeh
Vehumet
Wu Jian

Shops:
D:4 [


Innate Abilities, Weirdness & Mutations

You are very small and have problems with some larger weapons.
You are too small for most types of armour.
You have supernaturally acute eyesight. (SInv)
You cover ground extremely quickly. (Speed+++)


Message History

You hit the bush.
The bush is severely damaged.
You completely miss the bush.
The bush is severely damaged.
You hit the bush.
The bush is almost destroyed.
You hit the bush but do no damage. You drain the bush.
The bush is almost destroyed.
You hit the bush but do no damage. You drain the bush.
The bush is almost destroyed.
You completely miss the bush. You punch the bush, but do no damage.
The bush is almost destroyed.
You hit the bush.
The bush is almost destroyed.
You hit the bush but do no damage. You punch the bush, but do no damage.
The bush is almost destroyed.
You hit the bush. You drain the bush.
The bush is almost destroyed.
You hit the bush but do no damage. You drain the bush.
You destroy the bush!
You puncture the plant!
The plant begins to die.
The plant is lightly damaged.
You hit the plant.
The plant is lightly damaged.
You hit the plant.
The plant is lightly damaged.
A nearby plant withers and dies.
There is a stone staircase leading down here.
y - a scroll labelled BIATAV KOSS
There are no items here.
There is a stone staircase leading down here.
You see here a +0 short sword.
You climb downwards.
The centaur shoots an arrow.
The arrow closely misses you.
The centaur shoots an arrow.
The arrow hits you!
There is a stone staircase leading up here.
The centaur shoots an arrow.
The arrow closely misses you.
The centaur shoots an arrow.
The arrow hits you!
The centaur shoots an arrow.
The arrow misses you.
The centaur shoots an arrow.
The arrow hits you!
You die...

##...#....
##....c....
#####.....#.....
..........# ....
#######+###.....
#..>....c.....
#.............
#.............
#@............
#.............
##..##+##...##
#..# +### ....
.....# ......#
......+


You could see a centaur.

Vanquished Creatures
  A phantom (D:4)
  A hound (D:4)
  An orc priest (D:3)
  Jessica (D:3)
  9 adders
  5 gnolls
  2 ufetubi (D:3)
  A dart slug (D:1)
  2 ribbon worms
  3 orcs (D:3)
  6 endoplasms
  A giant cockroach (D:4)
  8 goblins
  10 hobgoblins
  4 jackals (D:3)
  5 quokkas
  6 ball pythons
  3 bats
  2 frilled lizards
  9 kobolds
  8 rats
88 creatures vanquished.

Notes
Turn   | Place    | Note
-------+----------+-------------------------------------------
     0 | D:5      | monsoonserge the Spriggan Delver began the quest for the
                  | Orb.
     0 | D:5      | Reached XP level 1. HP: 11/11 MP: 2/2
    10 | D:5      | Identified the +7 short sword "Worm's Wrath" {drain, Str+3}
    17 | D:5      | Noticed a centaur
   115 | D:3      | Found an ornate altar of the Wu Jian Council.
   150 | D:3      | Reached XP level 2. HP: 16/16 MP: 3/3
   186 | D:1      | Reached skill level 8 in Stealth
   305 | D:1      | Reached XP level 3. HP: 19/19 MP: 4/4
  1018 | D:2      | Reached XP level 4. HP: 17/24 MP: 5/5
  1370 | D:2      | Reached XP level 5. HP: 28/28 MP: 6/6
  1719 | D:3      | Reached skill level 5 in Short Blades
  1777 | D:3      | Found a radiant altar of Vehumet.
  1813 | D:3      | Found a faded altar of an unknown god.
  1882 | D:3      | Noticed Jessica
  1884 | D:3      | Killed Jessica
  1992 | D:4      | Found a burning altar of Makhleb.
  2032 | D:4      | Found a sparkling altar of Nemelex Xobeh.
  2060 | D:4      | Reached XP level 6. HP: 32/32 MP: 7/7
  2261 | D:4      | Reached skill level 1 in Evocations
  2421 | D:4      | Found Barol's Armour Boutique.
  2771 | D:5      | Shot with an arrow by a centaur

Illustrated notes

Levels and vault maps discovered:
D:1:      nicolae_arrival_memento_mori, layout_basic
D:2:      layout_loops_cross
D:3:      layout_basic, vehumet_altar_wand_db, lemuel_coloured_pillars_altar,
          shapermc_ecumenical_altar_pompeii, uniq_jessica
D:4:      layout_layer_cave, mainiacjoe_overflow_catch_the_wave, serial_forest,
          infiniplex_forest_lined_room_, infiniplex_forest_split,
          infiniplex_forest_zigzag_1, infiniplex_forest_clump_small,
          infiniplex_forest_clump_small, infiniplex_forest_straight_4,
          infiniplex_forest_lined_corner, serial_shops,
          nicolae_shop_rolling_square
D:5:      kennysheep_steamy, layout_gridville, zin_purify, uniq_edmund

Skill      XL: |  1  2  3  4  5  6 |
---------------+-------------------+-----
Stealth        | 8 |  8.0
Short Blades   | 3 4 5 6 |  6.0
Fighting       | 3 |  3.4
Dodging        | 3 |  3.7
Evocations     | 1 |  1.1

Action                     |  1- 3 |  4- 6 || total
---------------------------+-------+-------++-------
  Melee: Short sword       |    55 |   141 ||   196
         Punch             |       |     3 ||     3
   Stab: Sleeping          |    10 |     8 ||    18
         Distracted        |     1 |     1 ||     2
 Armour: Robe              |    10 |    23 ||    33
  Dodge: Dodged            |    24 |    90 ||   114
